 Dungeon Crawl Stone Soup version 0.30-a0-241-g1121274140 (webtiles) character file.

Game seed: 17838559983825877904

39 qw the Chopper (level 3, -3/23 HPs)
             Began as a Gargoyle Fighter on Oct 10, 2022.
             Killed from afar by an orc wizard (8 damage)
             ... with a magic dart
             ... on level 2 of the Dungeon.
             The game lasted 00:00:48 (1523 turns).

qw the Chopper (Gargoyle Fighter)                   Turns: 1523, Time: 00:00:48

Health: -3/23      AC: 15    Str: 21    XL:     3   Next: 45%
Magic:  3/3        EV:  6    Int:  8    God:
Gold:   119        SH: 11    Dex:  9    Spells: 2/2 levels left

rFire   . . .      SeeInvis .    Y - +1 war axe
rCold   . . .      Faith    .    p - +0 tower shield
rNeg    + . .      Spirit   .    b - +0 scale mail
rPois   inf        Reflect  .    (no helmet)
rElec   +          Harm     .    (no cloak)
rCorr   .          Rampage  .    (no gloves)
Will    .....                    h - +0 pair of boots
Stlth   ..........               (no amulet)
HPRegen 0.23/turn                (no ring)
MPRegen 0.08/turn                (no ring)

@: no status effects
A: sickness immunity, AC +3, negative energy resistance 1, electricity
resistance, torment resistance 1, petrification resistance, iridescent scales 2,
sturdy frame 1
a: no special abilities


You were on level 2 of the Dungeon.
You visited 1 branch of the dungeon, and saw 3 of its levels.

You collected 119 gold pieces.


Innate Abilities, Weirdness & Mutations

You are immune to sickness and miasma.
Your stone body is resilient. (AC +3)
You are immune to poison.
You resist negative energy. (rN+)
You are resistant to electric shocks. (rElec)
You are resistant to unholy torment.
You are immune to petrification.
You are mostly covered in iridescent scales. (AC +4)
Your movements are slightly less encumbered by armour. (ER -2)


   Skills:
 - Level 3.2 Fighting
 - Level 3.3 Axes
 - Level 3.2 Armour
 + Level 3.3 Shields


You had 2 spell levels left.
You didn't know any spells.
Your spell library was empty.

Inventory:

Hand Weapons
 j - a +0 whip
 Y - a +1 war axe (weapon)
Armour
 b - a +0 scale mail (worn)
 h - a +0 pair of boots (worn)
 p - a +0 tower shield (worn)
Scrolls
 g - a scroll of identify
Potions
 d - a potion of might
 e - a potion of haste
 f - a potion of lignification {unknown}
 i - 2 potions of mutation
 k - a potion of curing {unknown}
 l - a potion of attraction {unknown}

Dungeon Overview and Level Annotations

Branches:
Dungeon (3/15)

Altars:


Message History

You hear some strange, mumbled words.
A magic dart appears from out of thin air!
The magic dart hits you.
You're too confused to attack without stumbling around!
There is a strange disturbance nearby!
Something hits you but does no damage.
You're too confused to attack without stumbling around!
There is a strange disturbance nearby!
You feel less confused.
You hear some strange, mumbled words.
You are confused.
You're too confused to attack without stumbling around!
There is a strange disturbance nearby!
Something hits you but does no damage.
You're too confused to attack without stumbling around!
There is a strange disturbance nearby!
Something hits you but does no damage.
You're too confused to attack without stumbling around!
There is a strange disturbance nearby!
Something hits you but does no damage.
You're too confused to attack without stumbling around!
There is a strange disturbance nearby!
You hear some strange, mumbled words.
A magic dart appears from out of thin air!
The magic dart hits you!
You're too confused to attack without stumbling around!
There is a strange disturbance nearby!
Something hits you but does no damage.
You're too confused to attack without stumbling around!
There is a strange disturbance nearby!
Something hits you but does no damage.
You're too confused to attack without stumbling around!
There is a strange disturbance nearby!
You feel less confused. Something hits you but does no damage.
You barely miss something.
You hear some strange, mumbled words.
A magic dart appears from out of thin air!
The magic dart hits you!
You die...

.<..######.#..##.(......####..###
........##.#..##......###.....#
#.##.##.#..#...####.#####.###.#
#.##.##........# #.......#...#
#.#..####......# #..######.###
#.#.## #......# ##..# #..# #
..#.# #......###..## #.## #
.##.#####........#..# #.# #
.##.#...#......{@...# #.# ##
.##.......##..>..#..# #.# #.
.##.......#####..#..######.# #.
.#........# #.......##...#####.
.#...%....# #...#.#............
.#.#..[..## ##.....####.#####.##
.#.#####.## #.........#.####..##
####...#[.# #.##.#.##...##...###
.# #.8.#..# ##.##...##......###


There were no monsters in sight!

Vanquished Creatures
  A dart slug (D:2)
  An orc (D:3)
  2 endoplasms
  2 giant cockroaches (D:1)
  7 goblins
  3 hobgoblins
  3 jackals (D:1)
  4 ball pythons
  4 bats
  A frilled lizard (D:1)
  2 kobolds (D:1)
  3 rats
33 creatures vanquished.

Notes
Turn   | Place    | Note
-------+----------+-------------------------------------------
     0 | D:1      | qw the Gargoyle Fighter began the quest for the Orb.
     0 | D:1      | Reached XP level 1. HP: 14/14 MP: 1/1
     0 | D:1      | 0 ||| qw: Version: 0.2-a-17-g06abaee
     0 | D:1      | 0 ||| qw: Game counter: 2361
     0 | D:1      | 0 ||| qw: Always use a shield: true
     0 | D:1      | 0 ||| qw: God list: Okawaru
     0 | D:1      | 0 ||| qw: Allow faded altars: false
     0 | D:1      | 0 ||| qw: Do Orc after D:15 true
     0 | D:1      | 0 ||| qw: Do second Lair branch before Depths: true
     0 | D:1      | 0 ||| qw: Lair rune preference: random
     0 | D:1      | 0 ||| qw: Plans: Normal, Zot:1-4, God:TSO, Crypt, Tomb,
                  | Pan, Slime:5, Hells, Abyss, Orb
     0 | D:1      | 0 ||| PLANNING D:1-11
   123 | D:1      | 123 ||| Stepping ~*~*~tactically~*~*~ (stealth).
   127 | D:1      | Reached XP level 2. HP: 19/19 MP: 2/2
   320 | D:1      | 320 ||| DROPPING +0 club.
   380 | D:1      | 380 ||| Stepping ~*~*~tactically~*~*~ (stealth).
   667 | D:1      | Reached skill level 3 in Axes
   719 | D:1      | 719 ||| READING scroll labelled XYGHAS SUNTE.
   720 | D:1      | 720 ||| READING scroll labelled ROIT PUAFO.
   721 | D:1      | 721 ||| READING scroll labelled JEIFAK ALO.
   722 | D:1      | 722 ||| READING scroll labelled ACESEA VADGHU.
   772 | D:2      | 772 ||| STAIRDANCE
   778 | D:2      | 778 ||| STAIRDANCE
   781 | D:1      | Reached XP level 3. HP: 22/23 MP: 3/3
  1149 | D:2      | 1149 ||| Stepping ~*~*~tactically~*~*~ (hiding).
  1403 | D:2      | 1403 ||| UPGRADING to +0 pair of boots.
  1408 | D:2      | 1408 ||| UPGRADING to +0 tower shield.
  1418 | D:2      | 1418 ||| DROPPING +0 buckler.
  1419 | D:2      | 1419 ||| READING scroll labelled BIAR ALO YCZEIHO.
  1420 | D:2      | 1420 ||| READING scroll labelled LYC NAUTOPPYIPS.
  1421 | D:2      | 1421 ||| READING scroll labelled TEZI FATWIED.
  1422 | D:2      | 1422 ||| READING scroll labelled LURIMY VEGHAI.
  1425 | D:2      | 1425 ||| DRINKING 4 yellow potions.
  1425 | D:2      | Gained mutation: You are occasionally teleported next to
                  | monsters. [potion of mutation]
  1425 | D:2      | Gained mutation: You expend magic power (3 MP) to
                  | strengthen your wands. [potion of mutation]
  1425 | D:2      | Gained mutation: You are partially covered in iridescent
                  | scales. (AC +2) [potion of mutation]
  1426 | D:2      | 1426 ||| DRINKING 3 potions of mutation.
  1426 | D:2      | Lost mutation: You are occasionally teleported next to
                  | monsters. [potion of mutation]
  1426 | D:2      | Lost mutation: You expend magic power (3 MP) to strengthen
                  | your wands. [potion of mutation]
  1426 | D:2      | Gained mutation: Your movements are slightly less
                  | encumbered by armour. (ER -2) [potion of mutation]
  1426 | D:2      | Gained mutation: You are mostly covered in iridescent
                  | scales. (AC +4) [potion of mutation]
  1427 | D:2      | 1427 ||| READING 2 scrolls of identify.
  1427 | D:2      | 1427 ||| IDENTIFYING golden potion
  1445 | D:3      | 1445 ||| Stepping ~*~*~tactically~*~*~ (hiding).
  1455 | D:3      | 1455 ||| FLEEEEING.
  1456 | D:3      | 1456 ||| FLEEEEING.
  1457 | D:3      | 1457 ||| FLEEEEING.
  1458 | D:3      | 1458 ||| STAIRDANCE
  1519 | D:2      | HP: 4/23 [something/magic dart (10)]
  1523 | D:2      | Killed from afar by an orc wizard

Levels and vault maps discovered:
D:1:      dpeg_arrival_tiny_g, layout_loops_ring
D:2:      minmay_spotlight, layout_rooms, nicolae_elevator_lobby_asterisk
D:3:      layout_basic

Skill      XL: |  1  2 |
---------------+-------+-----
Axes           | 2 3 |  3.3
Fighting       | |  3.2
Armour         | |  3.2
Shields        | |  3.3

Action                   || total
-------------------------++-------
Melee: War axe           ||   118
  Use: Scroll            ||     9
       Potion            ||     2
Armor: Scale mail        ||   103
Dodge: Dodged            ||    47
Block: Buckler           ||    15
       Tower shield      ||     8

Table legend:
 A = Non-vault XP
 B = Vault XP
 C = Vault XP percentage of total XP
 D = Non-vault monster count
 E = Vault monster count
 F = Vault count percentage of total count
                 A         B        C        D         E       F
            +---------+---------+-------+---------+---------+-------
      Total |      51 |       5 |   8.9 |      30 |       3 |   9.1
            +---------+---------+-------+---------+---------+-------
        D:1 |      35 |       0 |   0.0 |      23 |       0 |   0.0
        D:2 |      13 |       5 |  27.8 |       6 |       3 |  33.3
        D:3 |       3 |       0 |   0.0 |       1 |       0 |   0.0
            +---------+---------+-------+---------+---------+-------
